 Dungeon Crawl Stone Soup version 0.27.1-33-g824d729ab1 (webtiles) character file.

Game seed: 8300987512212489156

213 garbled the Chopper (level 5, 0/47 HPs)
             Began as a Hill Orc Monk on Dec 8, 2021.
             Slain by an ogre (29 damage)
             ... on level 4 of the Dungeon.
             The game lasted 00:07:38 (4427 turns).

garbled the Chopper (Hill Orc Monk)                 Turns: 4427, Time: 00:07:38

Health: 0/47       AC:  7    Str: 15    XL:     5   Next: 90%
Magic:  5/5        EV: 10    Int: 10    God:
Gold:   100        SH:  0    Dex: 13    Spells: 4/4 levels left

rFire    . . .     SeeInvis .   a - +0 hand axe
rCold    . . .     Faith    .   (no shield)
rNeg     . . .     Spirit   .   o - +0 scale mail
rPois    .         Reflect  .   g - +0 helmet
rElec    .         Harm     .   (no cloak)
rCorr    .         Rampage  .   (no gloves)
Will     .....                  (no boots)
Stlth    ..........             (no amulet)
HPRegen  0.15/turn              (no ring)
MPRegen  0.09/turn              (no ring)

@: no status effects
A: no striking features
a: no special abilities


You were on level 4 of the Dungeon.
You visited 1 branch of the dungeon, and saw 4 of its levels.

You collected 142 gold pieces.
You spent 42 gold pieces at shops.

Inventory:

Hand Weapons
 a - a +0 hand axe (weapon)
 t - a +1 morningstar of protection
 v - a +0 dagger of venom
Missiles
 c - 138 stones (quivered)
Armour
 g - a +0 helmet (worn)
 o - a +0 scale mail (worn)
Magical Staves
 q - a staff of death
Jewellery
 r - a ring of resist corrosion
Scrolls
 d - a scroll of holy word {unknown}
 h - 2 scrolls of vulnerability {unknown}
 i - a scroll of amnesia {unknown}
 m - 2 scrolls of immolation {unknown}
 n - a scroll of identify {unknown}
 s - a scroll of enchant armour {unknown}
 u - a scroll of fog {unknown}
Potions
 b - 2 potions of mutation {unknown}
 e - 2 potions of lignification {unknown}
 f - a potion of berserk rage {unknown}
 j - 2 potions of invisibility {unknown}
 k - a potion of degeneration {unknown}
 l - 3 potions of curing
 p - a potion of flight {unknown}


   Skills:
 + Level 4.9 Fighting
 * Level 6.6 Axes
 + Level 2.7 Armour
 - Level 2.4 Dodging
 - Level 1.5 Stealth


You had 4 spell levels left.
You didn't know any spells.
Your spell library contained the following spells:

 Spells                   Type           Power      Damage    Failure   Level
 Malign Gateway           Summ/Tloc      0%         N/A       100%        7
 Summon Horrible Things   Summ           0%         N/A       100%        8


Dungeon Overview and Level Annotations

Branches:
Dungeon (4/15)
 Temple: D:4-7

Altars:
Ru

Shops:
D:2 *


Message History

No target in view!
No target in view!
An ogre comes into view. It is wielding a +0 giant club.
Throw: 143 stones
Press: ? - help, Q - select action Shift-Dir - straight line, f - ogre
Aim: an ogre, wielding a +0 giant club (wandering, hasn't noticed you, 73% to hit)
You throw a stone. The ogre shouts!
The stone hits the ogre but does no damage.
Throw: 142 stones
Press: ? - help, Q - select action Shift-Dir - straight line, f/p - ogre
Aim: an ogre, wielding a +0 giant club (74% to hit)
You throw a stone. The stone hits the ogre.
The ogre is lightly wounded.
Throw: 141 stones
Press: ? - help, Q - select action Shift-Dir - straight line, f - you
Okay, then.
Throw: 141 stones
Press: ? - help, Q - select action Shift-Dir - straight line, f/p - ogre
Aim: an ogre, wielding a +0 giant club (lightly wounded, 74% to hit)
You throw a stone. The stone barely misses the ogre.
Throw: 140 stones
Press: ? - help, Q - select action Shift-Dir - straight line, f/p - ogre
Aim: an ogre, wielding a +0 giant club (lightly wounded, 74% to hit)
You throw a stone. The stone barely misses the ogre.
Throw: 139 stones
Press: ? - help, Q - select action Shift-Dir - straight line, f/p - ogre
Aim: an ogre, wielding a +0 giant club (lightly wounded, 74% to hit)
You throw a stone. The stone hits the ogre.
The ogre is lightly wounded.
You hit the ogre but do no damage.
The ogre is lightly wounded.
The ogre hits you with a +0 giant club!!
You hit the ogre.
The ogre is moderately wounded.
You hit the ogre.
The ogre is moderately wounded.
The ogre hits you with a +0 giant club!!
Ouch! That really hurt!
You die...

#..........##..##
##............##
#...<..##...##
##########.## #.#
##.# ##.## ###..#
####@...###
#..O......#
((...(..#..##...#
.(....##..##
##..# .(.### ..##
.. ## ..## # ..#


You could see an ogre.

Vanquished Creatures
  A howler monkey (D:3)
  Terence (D:3)
  3 adders
  5 gnolls
  A dart slug (D:1)
  3 orcs (D:3)
  3 ball pythons
  7 endoplasms
  3 giant cockroaches
  11 goblins
  5 hobgoblins
  4 jackals (D:1)
  4 quokkas
  4 bats (D:1)
  7 frilled lizards
  7 kobolds
  4 rats
73 creatures vanquished.

Vanquished Creatures (others)
  5 fungi (D:3)
  3 plants (D:3)
8 creatures vanquished.

Grand Total: 81 creatures vanquished

Notes
Turn   | Place    | Note
-------+----------+-------------------------------------------
     0 | D:1      | garbled the Hill Orc Monk began the quest for the Orb.
     0 | D:1      | Reached XP level 1. HP: 19/19 MP: 1/1
   210 | D:1      | Reached XP level 2. HP: 27/27 MP: 2/2
   421 | D:1      | Reached skill level 1 in Armour
   635 | D:1      | Found a faded altar of an unknown god.
   697 | D:1      | Reached XP level 3. HP: 18/33 MP: 3/3
  1200 | D:2      | Found Mutom's General Store.
  1204 | D:2      | Bought a potion of curing for 42 gold pieces
  1221 | D:2      | Reached skill level 5 in Axes
  1662 | D:2      | Reached XP level 4. HP: 39/40 MP: 4/4
  1973 | D:2      | You fall into a shaft and drop 1 floor!
  2992 | D:3      | Reached XP level 5. HP: 19/47 MP: 5/5
  2996 | D:3      | Reached skill level 6 in Axes
  3539 | D:3      | Noticed Terence
  3569 | D:3      | Killed Terence
  4085 | D:3      | Found a sacrificial altar of Ru.
  4418 | D:4      | Noticed an ogre
  4427 | D:4      | Slain by an ogre

Illustrated notes

Levels and vault maps discovered:
D:1:      heliophobic_arrival_henge, layout_rooms, basic_ecumenical_altar
D:2:      layout_loops_corners, serial_shops, shop, grunt_ministairs_8,
          minmay_fractal_squares_5
D:3:      layout_loops_cross, nicolae_ru_the_path_less_chosen, minivault_24,
          grunt_ministairs_10, wad_rectangle_vault, uniq_terence
D:4:      layout_cave_pods, minmay_temple_entry_hall

Skill      XL: |  1  2  3  4  5 |
---------------+----------------+-----
Armour         | 1 2 |  2.7
Fighting       | 4 |  4.9
Axes           | 5 6 |  6.6
Dodging        | |  2.4
Stealth        | |  1.5

Action                   |  1- 3 |  4- 6 || total
-------------------------+-------+-------++-------
Melee: Hand axe          |   107 |   164 ||   271
Throw: Stone             |       |     6 ||     6
 Stab: Sleeping          |     3 |       ||     3
Armor: Robe              |    28 |       ||    28
       Scale mail        |       |    63 ||    63
Dodge: Dodged            |    75 |    82 ||   157
